skt, lawful female human Valkyrie -------------- |......%.....| |............| |....@s......| |....[..d....+ ------------.- skt the Skirmisher Experience level: 4 Strength: 15 Dexterity: 13 Constitution: 18 Intelligence: 9 Wisdom: 7 Charisma: 8 Health: 0(34) Energy: 5(5) Def: 7 Gold: 418 Moves: 1562 Dungeon seed: IaU498wKfLcCvo5_ Game ID: skt_1527915470 Your Inventory: Coins $ - 418 gold pieces Weapons a - an uncursed +1 long sword (weapon in hand) b - an uncursed +0 dagger i - 10 uncursed +0 darts (in quiver) p - an uncursed +0 sling t - an uncursed +0 javelin E - an uncursed +0 orcish dagger Armor e - an uncursed +3 small shield (being worn) r - an uncursed +0 cloak of protection (being worn) Comestibles F - an uncursed tin of male cave spider meat Scrolls g - an uncursed scroll of summoning j - 2 uncursed scrolls of identify B - an uncursed scroll of enchant armor H - an uncursed scroll of confuse monster Potions m - a cursed potion of booze x - an uncursed potion of gain ability z - an uncursed potion of enlightenment Rings l - an uncursed +2 ring of gain constitution s - an uncursed ring of levitation Wands f - an uncursed wand of undead turning (0:5) y - an uncursed wand of speed monster (0:6) Tools d - an uncursed oil lamp (0:1052) k - an uncursed tin opener o - an uncursed tin whistle w - an uncursed skeleton key Spells and supernatural/magical abilities: Name Level Category Cost Memory W - pray for help -- divine ? -- Your skills at the end: Fighting Skills wands [Basic] Weapon Skills dagger [Basic] long sword [Basic] Spellcasting Skills Final Attributes: You were piously aligned. You were immune to cold. You were stealthy. You were protected. Tyr was noncommittal. You are dead. Vanquished creatures: a small mimic a gray ooze 2 kobold lords 2 wererats a hobgoblin 2 giant rats a gecko 5 jackals 2 kobolds a sewer rat 4 grid bugs a bat a lichen a kobold zombie 3 newts 28 creatures vanquished. Voluntary challenges: You followed a strict vegan diet. You were an atheist. You used a wielded weapon 24 times, starting on turn 301. You were illiterate. You never genocided any monsters. You never polymorphed an object. You never changed form. You used no wishes. You never split a pudding. You never wrote Elbereth's name. You never violated your personal moral code. Dungeon overview: The Dungeons of Doom: levels 1 to 8 Level 1 a sink a long staircase Level 2 some fountains Level 3 a long staircase Level 4 a general store Level 8 <- You were here History has recorded: On T:1 you entered the Dungeons of Doom to retrieve the Amulet of Yendor! On T:272 you reached level 2 of The Dungeons of Doom. On T:465 you reached level 3 of The Dungeons of Doom. On T:706 you reached level 4 of The Dungeons of Doom. On T:822 you advanced to experience level 2. On T:1204 you advanced to experience level 3. On T:1541 you reached level 8 of The Dungeons of Doom. On T:1549 you advanced to experience level 4. Score breakdown: Gold: 418 ( 8919 points) Experience: 4 levels ( 9649 points) Exploration: 8 levels ( 15.38%) (11114 points) Discoveries: 2 items ( 0.80%) ( 2683 points) Valuables value: (no points given unless you survive) Artifact value: 0 ( 0 points) Variety of kills: 15 monsters ( 3.95%) ( 5960 points) Turncount: 1562 turns ( 0 points) Survival: died (score multiplied by 80%) Total score: 30660 Latest messages: The giant spider bites! You miss the giant spider. The giant spider just misses! You miss the giant spider. The giant spider misses. You hit the giant spider! The giant spider bites! The giant spider's bite was poisoned! You feel weaker! The giant spider bites! You miss the giant spider. The giant spider misses. You miss the giant spider. The giant spider bites! You miss the giant spider. The giant spider bites! You hit the giant spider. The giant spider bites! (2x) The giant spider's bite was poisoned! Valkyrie, your life force is running out. You die... For some reason, you think that you can almost hear the Wizard laugh manically... Final status: Farvel skt the Valkyrie, killed by a giant spider... You died in The Dungeons of Doom on dungeon level 8 with 30660 points, and 418 pieces of gold, after 1562 moves. You were level 4 with a maximum of 34 hit points when you died.